Map: Overgrowth LE (Void)

Players

Veryn

  • Race: Protoss Protoss
  • League: Master
  • Spawn Location: 1:00

A.I. 1 (Very Easy) - Winner!

  • Race: Terran Terran
  • Spawn Location: 7:00

VOD

Have the link to the VOD?

Description

Time

  • Played on: Jan. 13, 2017, 7:54 a.m.
  • Length: 4:51
Show
View Real Time Build Order
Export as new Build Order

Veryn Protoss 

Build Orders: 1 Gate Expand, Mass Adepts 

Get SALT Encoding   

  12  0:01  Probe (Chrono Boost)  
  13  0:11  Probe (Chrono Boost)  
  14  0:17  Pylon  
  14  0:22  Probe (Chrono Boost)  
  16  0:35  Probe (Chrono Boost)  
  16  0:37  Gateway  
  16  0:46  Probe (Chrono Boost)  
  17  0:56  Probe (Chrono Boost)  
  18  1:09  Nexus  
  18  1:14  Probe (Chrono Boost)  
  19  1:26  Cybernetics Core  
  19  1:28  Assimilator  
  19  1:33  Assimilator  
  19  1:34  Probe (Chrono Boost)  
  20  1:43  Pylon  
  20  1:45  Probe (Chrono Boost)  
  21  1:56  Probe (Chrono Boost)  
  22  2:02  Adept  
  22  2:07  Probe (Chrono Boost)  
  25  2:10  Warp Gate  
  25  2:18  Probe (Chrono Boost)  
  25  2:22  Probe (Chrono Boost)  
  27  2:28  Probe (Chrono Boost)  
  28  2:33  Probe (Chrono Boost)  
  28  2:34  Twilight Council  
  29  2:39  Probe (Chrono Boost)  
  29  2:43  Probe (Chrono Boost)  
  30  2:49  Probe (Chrono Boost)  
  30  2:50  Robotics Facility  
  31  2:54  Probe (Chrono Boost)  
  31  2:57  Resonating Glaives  
  32  3:00  Probe (Chrono Boost)  
  32  3:04  Probe (Chrono Boost)  
  34  3:15  Gateway  
  34  3:16  Gateway  
  34  3:18  Probe (Chrono Boost)  
  34  3:19  Probe (Chrono Boost)  
  36  3:32  Warp Prism  
  36  3:39  Mothership Core (Chrono Boost)  
  40  3:44  Gateway x2  
  40  3:50  Gateway  
  40  3:52  Gateway  
  40  3:58  Pylon  
  40  4:00  Pylon  
  40  4:04  Pylon  
  40  4:05  Observer  
  41  4:22  Adept x3  
  41  4:24  Observer  
  48  4:47  Adept x7  
Show
View Real Time Build Order
Export as new Build Order

A.I. 1 (Very Easy) Terran - Winner!

Build Orders: Reaper Expand 

Get SALT Encoding   

  12  0:00  SCV  
  13  0:13  SCV  
  14  0:19  Supply Depot  
  14  0:46  Barracks  
  14  1:05  Command Center  
  14  1:32  Supply Depot  
  14  1:36  Orbital Command, Marine  
  14  1:38  Refinery  
  15  1:50  Refinery  
  15  2:02  SCV  
  16  2:14  SCV  
  17  2:17  SCV  
  17  2:18  Reaper  
  19  2:26  SCV  
  20  2:31  SCV  
  21  2:38  SCV  
  22  2:45  SCV  
  22  2:49  Refinery  
  23  2:53  SCV  
  24  3:00  SCV  
  25  3:06  Marine  
  25  3:07  SCV  
  27  3:14  SCV  
  28  3:21  SCV, Factory  
  29  3:45  Refinery  
  29  3:46  SCV  
  30  3:53  SCV  
  30  3:54  Marine  
  32  3:55  Supply Depot  
  32  4:00  SCV  
  33  4:07  SCV  
  33  4:08  Starport  
  34  4:13  Barracks Tech Lab  
  34  4:14  SCV  
  35  4:21  SCV  
  36  4:29  SCV  
  37  4:32  Supply Depot  
  37  4:36  SCV  
  41  4:46  Starport Tech Lab  
Tags
 
Add a new tag
Caveats
  • Supply blocks, unpowered buildings, or Contaminate may cause inaccurate times.
  • Supply counts are checked every 10 seconds.